 Dungeon Crawl Stone Soup version 0.30-a0-414-gcb316572d5 (webtiles) character file.

Game seed: 2762089024640677034

297 NinjaNoafa the Trooper (level 6, -1/56 HPs)
             Began as a Hill Orc Fighter on Dec 7, 2022.
             Slain by an ogre
             ... wielding a +0 giant club
              (16 damage)
             ... on level 3 of the Dungeon.
             The game lasted 00:04:33 (2777 turns).

NinjaNoafa the Trooper (Hill Orc Fighter)           Turns: 2777, Time: 00:04:34

Health: -1/56      AC: 12    Str: 19    XL:     6   Next: 35%
Magic:  6/6        EV:  6    Int:  8    God:
Gold:   144        SH:  5    Dex: 12    Spells: 5/5 levels left

rFire   . . .      SeeInvis .    s - +0 morningstar
rCold   . . .      Faith    .    c - +0 buckler
rNeg    . . .      Spirit   .    u - +0 plate armour
rPois   .          Reflect  .    (no helmet)
rElec   .          Harm     .    (no cloak)
rCorr   .          Rampage  .    (no gloves)
Will    +....                    (no boots)
Stlth   ..........               (no amulet)
HPRegen 0.29/turn                f - ring of willpower
MPRegen 0.10/turn                (no ring)

@: no status effects
A: no striking features
a: no special abilities


You were on level 3 of the Dungeon.
You visited 1 branch of the dungeon, and saw 4 of its levels.

You collected 144 gold pieces.

Inventory:

Hand Weapons
 s - a +0 morningstar (weapon)
Missiles
 a - 3 poisoned darts
 j - 46 stones
 t - 6 boomerangs (quivered)
Armour
 c - a +0 buckler (worn)
 u - a +0 plate armour (worn)
Jewellery
 b - a ring of fire
 f - a ring of willpower (left hand)
 l - a ring of ice
Scrolls
 g - a scroll of immolation {unknown}
 n - a scroll of magic mapping
 o - 4 scrolls of teleportation
 q - 2 scrolls of butterflies
Potions
 d - a potion of might
 e - a potion of mutation
 h - 2 potions of heal wounds
 i - a potion of resistance
 k - 2 potions of berserk rage {unknown}
 m - a potion of flight {unknown}
 p - a potion of curing {unknown}
 r - 2 potions of degeneration


   Skills:
 + Level 5.1 Fighting
 - Level 2.9 Axes
 + Level 4.6 Armour
 + Level 2.2 Dodging
 + Level 4.7 Shields


You had 5 spell levels left.
You didn't know any spells.
Your spell library contained the following spells:

 Spells                   Type           Power      Damage    Failure   Level
 Apportation              Tloc           0%         N/A       100%        1
 Necrotise                Necr           0%         1d4       100%        1
 Sandblast                Erth           0%         2d4       100%        1
 Summon Small Mammal      Summ           0%         N/A       100%        1
 Passwall                 Tmut/Erth      0%         N/A       100%        2
 Stone Arrow              Conj/Erth      0%         3d7       100%        3


Dungeon Overview and Level Annotations

Branches:
Dungeon (4/15)
 Temple: D:4-7

Altars:
Hepliaklqana
The Shining One

Shops:
D:1 *   D:3 (   D:4 [


Message History

There is a stone staircase leading down here.
You aren't carrying any items that you can evoke.
Unknown command.
You throw a boomerang. The boomerang hits the ogre.
The ogre is lightly wounded.
The ogre attacks as you move away! The ogre hits you with a +0 giant club!
The ogre attacks as you move away! The ogre hits you with a +0 giant club!
You throw a boomerang. The boomerang hits the ogre.
The ogre is moderately wounded.
The ogre hits you with a +0 giant club.
You throw a boomerang. The boomerang barely misses the ogre.
You block the ogre's attack. The ogre hits you with a +0 giant club!
You barely miss the ogre.
The ogre is moderately wounded.
You block the ogre's attack.
You hit the ogre.
The ogre is heavily wounded.
You block the ogre's attack.
You sock the ogre!
The ogre is severely wounded.
The ogre barely misses you.
You hit the ogre.
The ogre is almost dead.
You block the ogre's attack.
You hit the ogre but do no damage.
The ogre is almost dead.
The ogre hits you with a +0 giant club!!
* * * LOW HITPOINT WARNING * * *
The ogre attacks as you move away! You block the ogre's attack.
You see here a +0 arbalest.
You are too injured to fight recklessly!
You are too injured to fight recklessly!
Throw: 6 boomerangs
Press: ? - help, Q - select action, (/) - cycle Shift-Dir - straight line, f/p - ogre
Aim: an ogre, wielding a +0 giant club (severely wounded, 74% to hit)
You throw a boomerang. The boomerang hits the ogre.
The ogre is severely wounded.
The ogre attacks as you move away! The ogre hits you with a +0 giant club!
You die...

....##...###..8._.8..###.....##.#
...#####...##..8.8..##...###.##..
.#.#####.#..##..8..'#..### #.###.
..∩.......[..##...##..## #.# ##
##.###....)...##.##...# #.###.
##.###......#..###....# #...#.
.)..........##..#....## ###...
#######.....###O#...## ###.
####### #.@.#.# #. ##.#..# #.
#...## #. ##### #. #. ##


You could see an ogre.

Vanquished Creatures
  A scorpion (D:4)
  Jessica (D:2)
  2 orc wizards (D:3)
  6 adders
  2 dart slugs
  15 orcs
  6 endoplasms
  3 giant cockroaches
  5 goblins
  6 hobgoblins
  3 jackals (D:3)
  9 kobolds
  4 quokkas
  4 ball pythons
  5 bats
  6 frilled lizards
  7 rats
85 creatures vanquished.

Notes
Turn   | Place    | Note
-------+----------+-------------------------------------------
     0 | D:1      | NinjaNoafa the Hill Orc Fighter began the quest for the
                  | Orb.
     0 | D:1      | Reached XP level 1. HP: 19/19 MP: 1/1
    23 | D:1      | Found Cosekhle's Assorted Antiques.
   115 | D:1      | Reached XP level 2. HP: 27/27 MP: 2/2
   416 | D:1      | Reached skill level 4 in Fighting
   416 | D:1      | Reached XP level 3. HP: 22/33 MP: 3/3
   610 | D:2      | Reached skill level 1 in Dodging
   706 | D:2      | Noticed Jessica
   717 | D:2      | Killed Jessica
   718 | D:2      | Reached XP level 4. HP: 38/40 MP: 4/4
  1349 | D:3      | Found a glowing golden altar of the Shining One.
  1415 | D:3      | Reached XP level 5. HP: 47/47 MP: 5/5
  1438 | D:3      | Found Koicvos's Weapon Shop.
  1674 | D:3      | Found a faded altar of an unknown god.
  1686 | D:3      | Identified the +3 dagger "Eczu" {freeze, rPois}
  2198 | D:4      | Found a hazy altar of Hepliaklqana.
  2527 | D:4      | Reached XP level 6. HP: 54/55 MP: 6/6
  2531 | D:4      | Reached skill level 5 in Fighting
  2606 | D:4      | Found Woigep's Antique Armour Boutique.
  2777 | D:3      | Slain by an ogre

Illustrated notes

Levels and vault maps discovered:
D:1:      minmay_arrival_checkered_box, layout_rooms, serial_shops,
          nicolae_diamond_shop, minmay_split_cup_small
D:2:      layout_basic, uniq_jessica
D:3:      layout_rooms, tso_metal_star, basic_ecumenical_altar, serial_shops,
          nicolae_shop_crystal
D:4:      layout_cave_pools, nicolae_hepliaklqana_hippocampus, serial_shops,
          shop, kennysheep_small_spiral, saegor_snake_ambush

Skill      XL: |  1  2  3  4  5  6 |
---------------+-------------------+-----
Fighting       | 4 5 |  5.1
Dodging        | 1 2 |  2.2
Shields        | 4 |  4.7
Armour         | 4 |  4.6
Axes           | |  2.9

Action                   |  1- 3 |  4- 6 || total
-------------------------+-------+-------++-------
Melee: War axe           |    75 |       ||    75
       Morningstar       |       |   231 ||   231
Throw: Boomerang         |       |    13 ||    13
  Use: Scroll            |       |     7 ||     7
       Potion            |       |     2 ||     2
Armor: Scale mail        |    42 |     7 ||    49
       Chain mail        |       |    57 ||    57
       Plate armour      |       |   145 ||   145
Dodge: Dodged            |    43 |   130 ||   173
Block: Buckler           |    25 |    77 ||   102

Table legend: (Time is in decaauts)
 A = Elapsed time spent in this place.
 B = Non-inter-level travel time spent in this place.
 C = Inter-level travel time spent in this place.
 D = Time resting spent in this place.
 E = Time spent auto-exploring this place.
 F = Levels seen in this place.
 G = Mean time per level.
                   A        B        C        D        E       F      G
               +--------+--------+--------+--------+--------+-----+--------+
         Total |   2921 |   2841 |     80 |      0 |   2004 |   4 |  730.2 |
       Dungeon |   2921 |   2841 |     80 |      0 |   2004 |   4 |  730.2 |
               +--------+--------+--------+--------+--------+-----+--------+

Top non-repeatable levels by time:
     D:3: 1078 daAuts
     D:2: 690 daAuts
     D:1: 601 daAuts
     D:4: 551 daAuts
